 Dungeon Crawl Stone Soup version 0.20.1-1-g8b1a95d (webtiles) character file.

26 Thyosulf the Magician (level 3, -5/28 HPs)
             Began as a Naga Wizard on Nov 29, 2017.
             Slain by a kobold
             ... wielding a +0 club
              (6 damage)
             ... on level 1 of the Dungeon.
             The game lasted 00:07:26 (1378 turns).

Thyosulf the Magician (Naga Wizard)                 Turns: 1378, Time: 00:07:26

Health: -5/28      AC:  2    Str:  9    XL:     3   Next: 8%
Magic:  1/8        EV: 10    Int: 18    God:
Gold:   44         SH:  0    Dex: 10    Spells: 4/9 levels left

rFire    . . .     SeeInvis +   e - +0 dagger
rCold    . . .     Gourm    .   (no shield)
rNeg     . . .     Faith    .   a - +0 robe
rPois    +         Spirit   .   b - +0 hat
rElec    .         Reflect  .   (no cloak)
rCorr    .         Harm     .   (no gloves)
MR       .....                  (no barding)
Stlth    ++........             (no amulet)
Regen    0.1/turn               (no ring)
MPRegen  0.2/turn               (no ring)

@: very slightly contaminated, very slow
A: see invisible, deformed body, poison resistance, slowness 2, slow metabolism
1, spit poison 1, AC +1
a: Spit Poison


You were on level 1 of the Dungeon.
You were hungry.

You visited 1 branch of the dungeon, and saw 2 of its levels.

You collected 44 gold pieces.

Inventory:

Hand Weapons
 e - a +0 dagger (weapon)
Armour
 a - a +0 robe (worn)
 b - a +0 hat (worn)
Scrolls
 f - a scroll of remove curse {unknown}
Books
 c - a book of Minor Magic

   Spells                             Type                      Level
   a - Magic Dart                     Conjuration                  1
   b - Blink                          Translocation                2
   c - Call Imp                       Summoning                    2
   d - Slow                           Hexes                        2
   e - Conjure Flame                  Conjuration/Fire             3
   f - Mephitic Cloud                 Conjuration/Poison/Air       3
Comestibles
 d - 2 bread rations
 g - a chunk of flesh
 h - a royal jelly
 i - a meat ration


   Skills:
 + Level 0.2 Short Blades
 + Level 1.5 Dodging
 + Level 3.4 Stealth
 + Level 0.2 Unarmed Combat
 + Level 3.6 Spellcasting
 + Level 1.1 Conjurations
   Level 1.0 Summonings
 * Level 1.1 Translocations


You had 4 spell levels left.
You knew the following spells:

 Your Spells              Type           Power        Failure   Level  Hunger
a - Magic Dart            Conj           #...         10%         1    None
b - Blink                 Tloc           N/A          14%         2    ##.....
c - Slow                  Hex            #.......     22%         2    ##.....


Dungeon Overview and Level Annotations

Branches:
Dungeon (2/15)

Altars:


Innate Abilities, Weirdness & Mutations

You cannot wear boots.
Your serpentine skin is tough. (AC +1)
You have supernaturally acute eyesight. (SInv)
Armour fits poorly on your strangely shaped body.
Your system is resistant to poisons. (rPois)
You cover ground very slowly.
You have a slow metabolism.
You can spit poison.


Message History

Aiming: Magic Dart
Press: ? - help, Shift-Dir - straight line, f/p - kobold
Aim: a kobold, wielding a club and wearing a runed robe You miscast Magic Dart.
You are very lightly contaminated with residual magic.
Nothing appears to happen.
The kobold hits you with a club.
* * * LOW HITPOINT WARNING * * *
Casting: Magic Dart
Confirm with . or Enter, or press ? or * to list all spells.
You don't have enough magic to cast that spell.
Unknown command.
You hit the kobold but do no damage. The kobold closely misses you.
You hit the kobold but do no damage. The kobold barely misses you.
You hit the kobold but do no damage. The kobold closely misses you.
You barely miss the kobold. The kobold barely misses you.
You barely miss the kobold. You hit the kobold but do no damage.
The kobold hits you with a club.
* * * LOW HITPOINT WARNING * * *
You barely miss the kobold. The kobold hits you with a club.
You die...

#.#..[. # #.#...# .#
##.#...###.#
#..........#
#..........# ........#
###.######...#
.......@KK.(.#
###.######%..# #.#
#........ #.#
#)####### #.# #.# #..
#.#######
#.#########......?.
#..........#########.#
#.########.# #.#


You could see 2 kobolds.

Vanquished Creatures
  A dart slug (D:1)
  4 bats (D:1)
  2 goblins (D:1)
  5 hobgoblins (D:1)
  3 jackals (D:1)
  A ball python (D:1)
  2 frilled lizards (D:1)
  2 kobolds (D:1)
  A rat (D:1)
21 creatures vanquished.

Notes
Turn   | Place    | Note
-------+----------+-------------------------------------------
     0 | D:1      | Thyosulf the Naga Wizard began the quest for the Orb.
     0 | D:1      | Reached XP level 1. HP: 15/15 MP: 4/4
   232 | D:1      | Reached XP level 2. HP: 9/22 MP: 0/6
   414 | D:1      | Learned a level 2 spell: Blink
   417 | D:1      | Learned a level 2 spell: Slow
  1302 | D:1      | Reached XP level 3. HP: 28/28 MP: 5/8
  1371 | D:1      | HP: 1/28 [kobold/club (4)]
  1377 | D:1      | HP: 1/28 [kobold/club (1)]
  1378 | D:1      | Slain by a kobold

Action                   || total
-------------------------++-------
Melee: Dagger            ||    92
       Unarmed           ||     5
 Cast: Magic Dart        ||    41
       Slow              ||     4
       Blink             ||     1
 Abil: Spit Poison       ||     1
Armor: Robe              ||    24
Dodge: Dodged            ||    44
